AoeStats
← Monke

Arena

509579176Analyzed
4v4 RM · 6d ago on Sep 27, 2026· 41m 53s· 8 players
Game mode
Random Map
Map size
Large (8 player)
Population
200
Speed
Normal
Resources
Standard
Victory
Conquest
Starting age
Dark Age
Ending age
Imperial Age
RankedLock teamsTeams togetherTeam positionsShared explorationLock speedFull tech treeHidden civsTurbo modeCheats
Victory
Defeat
1505
+13
🇹🇷 Khmer · Türkiye
1498
+13
🇮🇹 Burgundians · Italy
1460
+14
🇷🇺 Portuguese · Russia
1460
+14
🇷🇺 Byzantines · Russia
1477
-15
🇮🇩 Goths · Indonesia
1416
-13
🇨🇦 Varangians · Canada
1412
-13
🇦🇷 Slavs · Argentina
1410
-13
OS | _MidGard_
7:11 Double-Bit Axe
9:42 Feudal Age
13:48 Castle Age
12:43 Bow Saw
14:51 Wheelbarrow
15:08 Horse Collar
20:44 Two-Man Saw
22:46 Gold Mining
24:07 Gold Shaft Mining
23:24 Stone Mining
25:20 Hand Cart
24:51 Town Watch
26:47 Stone Shaft Mining
29:26 Imperial Age
26:42 Loom
26:58 Town Patrol
27:15 Scale Mail Armor
27:25 Forging
28:08 Chain Mail Armor
27:58 Heavy Plow
27:32 Pikeman
28:15 Squires
28:01 Arson
28:26 Burgundian Vineyards
28:57 Ballistics
29:14 Iron Casting
28:41 Padded Archer Armor
29:33 Leather Archer Armor
31:08 Plate Mail Armor
31:39 Blast Furnace
30:50 Halberdier
33:28 Conscription
35:14 Hoardings
35:32 Masonry
36:24 Chemistry
35:04 Capped Ram
36:47 Fletching
CBRM
9:54 Feudal Age
12:52 Castle Age
11:02 Double-Bit Axe
12:05 Horse Collar
15:44 Bow Saw
19:42 Heavy Plow
19:29 Loom
21:22 Wheelbarrow
21:26 Gold Mining
26:14 Imperial Age
24:03 Hand Cart
23:54 Husbandry
24:50 Forging
25:15 Bloodlines
25:26 Scale Barding Armor
26:13 Iron Casting
26:34 Elite Battle Elephant
27:55 Chain Barding Armor
29:50 Town Watch
30:41 Plate Barding Armor
31:49 Blast Furnace
31:17 Tusk Swords
32:05 Fletching
33:10 Padded Archer Armor
34:20 Conscription
33:57 Bodkin Arrow
35:17 Double Crossbow
36:19 Ballistics
36:46 Bracer
37:50 Chemistry
36:49 Heavy Scorpion
37:55 Town Patrol
38:26 Crop Rotation
37:56 Stone Mining
39:04 Leather Archer Armor
41:04 Ring Archer Armor
40:42 Siege Engineers
41:50 Coinage
YuriiVegas
10:45 Feudal Age
14:34 Castle Age
12:40 Double-Bit Axe
12:46 Horse Collar
15:34 Bow Saw
15:28 Heavy Plow
16:29 Loom
21:48 Wheelbarrow
21:34 Stone Mining
22:47 Gold Mining
23:54 Town Watch
24:33 Hand Cart
28:52 Imperial Age
27:11 Stone Shaft Mining
27:00 Padded Archer Armor
28:24 Leather Archer Armor
30:35 Chemistry
29:36 Arquebus
30:26 Ring Archer Armor
29:37 Treadmill Crane
30:23 Conscription
33:35 Siege Engineers
33:42 Masonry
35:46 Pikeman
36:29 Scale Mail Armor
37:37 Halberdier
38:35 Chain Mail Armor
DetectiveYemitoShumafuk
10:20 Feudal Age
13:59 Castle Age
12:13 Double-Bit Axe
12:31 Horse Collar
16:57 Loom
22:04 Wheelbarrow
22:55 Gold Mining
23:27 Bow Saw
25:12 Hand Cart
25:11 Heavy Plow
28:34 Imperial Age
26:16 Scale Mail Armor
27:20 Chain Mail Armor
27:15 Forging
27:07 Squires
26:54 Gambesons
26:55 Arson
28:44 Iron Casting
29:48 Bagains
30:18 Capped Ram
31:38 Conscription
33:17 Plate Mail Armor
33:53 Blast Furnace
32:47 Siege Ram
36:26 Siege Engineers
37:23 Crop Rotation
39:40 Masonry
40:32 Chemistry
40:36 Town Watch
King Nothing
10:27 Feudal Age
15:39 Castle Age
13:24 Horse Collar
13:42 Double-Bit Axe
16:50 Bow Saw
17:46 Heavy Plow
20:43 Gold Mining
24:00 Wheelbarrow
24:19 Gold Shaft Mining
24:17 Loom
24:29 Stone Mining
25:16 Hand Cart
29:42 Imperial Age
27:39 Scale Barding Armor
27:45 Forging
27:55 Detinets
29:51 Chain Barding Armor
30:07 Iron Casting
30:38 Bloodlines
31:27 Hoardings
30:54 Fletching
31:27 Murder Holes
32:02 Bodkin Arrow
Monke
9:59 Feudal Age
11:59 Double-Bit Axe
12:00 Horse Collar
14:45 Castle Age
15:43 Bow Saw
15:34 Heavy Plow
18:52 Loom
19:48 Wheelbarrow
20:39 Town Watch
22:26 Hand Cart
22:08 Gold Mining
24:30 Stone Mining
27:23 Imperial Age
24:44 Treadmill Crane
25:10 Scale Mail Armor
25:29 Squires
24:50 Man-at-Arms
26:35 Stone Shaft Mining
25:41 Pikeman
26:07 Long Swordsman
27:04 Chain Mail Armor
26:59 Forging
27:26 Halberdier
27:26 Two-Handed Swordsman
28:25 Champion
29:56 Iron Casting
30:39 Guilds
30:55 Perfusion
32:43 Blast Furnace
33:23 Conscription
36:30 Chemistry
35:43 Anarchy
xxArMoRxx
10:44 Feudal Age
14:39 Castle Age
12:41 Double-Bit Axe
12:39 Horse Collar
17:06 Bow Saw
18:03 Wheelbarrow
17:16 Loom
19:48 Fervor
22:55 Hand Cart
28:19 Imperial Age
26:27 Scale Barding Armor
26:43 Murder Holes
26:51 Gold Mining
26:52 Stone Mining
27:14 Heavy Plow
28:00 Chain Barding Armor
29:24 Gold Shaft Mining
29:24 Stone Shaft Mining
29:03 Forging
28:43 Fletching
29:01 Treadmill Crane
30:44 Iron Casting
30:42 Husbandry
31:35 Conscription
32:32 Plate Barding Armor
31:53 Bodkin Arrow
32:21 Greek Fire
33:11 Hoardings
34:16 Bracer
34:39 Ballistics
35:20 Chemistry
35:00 Crop Rotation
34:43 Capped Ram
35:09 Light Cavalry
36:22 Padded Archer Armor
36:35 Fortified Wall
36:54 Logistica
37:42 Elite Skirmisher
38:27 Thumb Ring
riduridu_
10:17 Feudal Age
14:05 Castle Age
12:19 Horse Collar
12:50 Double-Bit Axe
15:17 Bloodlines
22:51 Loom
23:55 Wheelbarrow
28:09 Imperial Age
25:24 Light Cavalry
26:07 Husbandry
26:13 Scale Barding Armor
26:31 Gold Mining
27:01 Bow Saw
27:25 Chain Barding Armor
29:30 Plate Barding Armor
29:14 Cavalier
31:02 Forging
32:20 Iron Casting
31:50 Light Cavalry
35:29 Blast Furnace
35:54 Fletching
36:05 Padded Archer Armor
35:36 Hussar
37:31 Vendel Legacy
38:31 Conscription
38:25 Town Watch
Connection lost

Rejoining the realm…

Still unreachable

The connection could not be restored.

Session expired

The server has moved on; the page needs a fresh start.